 Dungeon Crawl Stone Soup version 0.27.1-33-g824d729ab1 (webtiles) character file.

Game seed: 16731163965099208659

22 Jakers the Conjurer (level 2, -4/15 HPs)
             Began as a Deep Elf Conjurer on Dec 2, 2021.
             Slain by Sigmund (7 damage)
             ... on level 2 of the Dungeon.
             The game lasted 00:02:35 (831 turns).

Jakers the Conjurer (Deep Elf Conjurer)              Turns: 831, Time: 00:02:36

Health: -4/15      AC:  4    Str:  4    XL:     2   Next: 68%
Magic:  8/8        EV: 12    Int: 22    God:
Gold:   39         SH:  0    Dex: 13    Spells: 4/7 levels left

rFire    . . .     SeeInvis .   c - +0 dagger
rCold    . . .     Faith    .   (no shield)
rNeg     . . .     Spirit   .   a - +0 robe
rPois    .         Reflect  .   (no helmet)
rElec    .         Harm     .   (no cloak)
rCorr    .         Rampage  .   b - +0 pair of gloves
Will     .....                  d - +0 pair of boots
Stlth    +.........             (no amulet)
HPRegen  0.05/turn              (no ring)
MPRegen  0.11/turn              (no ring)

@: confused
A: no striking features
a: no special abilities


You were on level 2 of the Dungeon.
You visited 1 branch of the dungeon, and saw 2 of its levels.

You collected 39 gold pieces.

Inventory:

Hand Weapons
 c - a +0 dagger (weapon)
Armour
 a - a +0 robe (worn)
 b - a +0 pair of gloves (worn)
 d - a +0 pair of boots (worn)
Scrolls
 e - a scroll of teleportation {unknown}
 f - 3 scrolls of identify {unknown}


   Skills:
 - Level 2.5 Dodging
 - Level 2.5 Stealth
 + Level 3.3 Spellcasting
 + Level 5.1 Conjurations


You had 4 spell levels left.
You knew the following spells:

 Your Spells              Type           Power      Damage    Failure   Level
a - Magic Dart            Conj           100%       1d8       1%          1
b - Searing Ray           Conj           52%        3d5       2%          2

Your spell library contained the following spells:

 Spells                   Type           Power      Damage    Failure   Level
 Dazzling Flash           Conj/Hex       28%        N/A       13%         3
 Fulminant Prism          Conj/Hex       7%         3d7       38%         4
 Iskenderun's Mystic Bla  Conj/Tloc      14%        2d5       38%         4


Dungeon Overview and Level Annotations

Branches:
Dungeon (2/15)

Altars:

Annotations:
D:2 Jessica, Sigmund


Message History

Okay, then.
You see here a +0 dagger.
Casting: Magic Dart (safe; 1% risk of failure)
Confirm with . or Enter, or press ? or * to list all spells.
Okay, then.
Memorise Searing Ray, consuming 2 spell levels and leaving 4?
You start memorising the spell.
You continue memorising. x2
You finish memorising.
Spell assigned to 'b'.
Okay, then.
You see here a +0 dagger.
Found an escape hatch in the ceiling.
Found a glowing dagger.
A bat comes into view.
Casting: Magic Dart (safe; 1% risk of failure)
Confirm with . or Enter, or press ? or * to list all spells.
Aiming: Magic Dart (safe; 1% risk of failure)
Press: ? - help, Shift-Dir - straight line, f - bat
Aim: a bat (asleep, 100% to hit)
The magic dart hits the bat.
You kill the bat!
Casting: Magic Dart (safe; 1% risk of failure)
Confirm with . or Enter, or press ? or * to list all spells.
You can't see any susceptible monsters within range! (Use Z to cast anyway.) Jessica the Apprentice Sorceress comes into view.
She is wielding a +0 dagger.
Found a red potion.
Sigmund shouts!
You hear an angry hiss.
A ball python comes into view.
Jessica mumbles some strange words.
Jessica blinks!
Sigmund screams, "Only death can liberate you!"
Sigmund casts a spell at you.
You are confused.
The ball python hisses angrily.
Sigmund hits you from afar with a +0 scythe of flaming!
Ouch! That really hurt!
Sigmund burns you.
* * * LOW HITPOINT WARNING * * *
You bump into the rock wall.
Jessica closely misses you.
Sigmund hits you from afar with a +0 scythe of flaming!
You die...

.....#...8...........##
.....#................#
.....#.............##.
....#.#.......##...#
...#.#.#......##...#
..#.#.#.#.....##...#
.#.##.##.#....##...#
#.###.###.#...##...# .
.## .#
##.#..##@..##.... ## .#
##.#.##)@....... # .#
#.#.@.......#. . ..
.....S......... .
...............
...............
...............
!............#.
.............#


You could see Sigmund, Jessica and a ball python.

Vanquished Creatures
  A dart slug (D:1)
  2 ball pythons (D:1)
  A bat (D:2)
  3 endoplasms
  A goblin (D:1)
  A hobgoblin (D:1)
  2 jackals (D:1)
  2 quokkas
  A kobold (D:1)
  4 rats (D:2)
18 creatures vanquished.

Vanquished Creatures (others)
  A plant (D:1)
1 creature vanquished.

Grand Total: 19 creatures vanquished

Notes
Turn   | Place    | Note
-------+----------+-------------------------------------------
     0 | D:1      | Jakers the Deep Elf Conjurer began the quest for the Orb.
     0 | D:1      | Reached XP level 1. HP: 10/10 MP: 6/6
   189 | D:1      | Reached XP level 2. HP: 15/15 MP: 2/8
   360 | D:1      | Reached skill level 5 in Conjurations
   442 | D:1      | Found a faded altar of an unknown god.
   778 | D:2      | Noticed Sigmund
   800 | D:2      | Learned a level 2 spell: Searing Ray
   825 | D:2      | Noticed Jessica
   831 | D:2      | Slain by Sigmund

Illustrated notes

Levels and vault maps discovered:
D:1:      scummos_arrival_simple_crosswalls, layout_loops_ring,
          dreamdust_ecumenical_altar_hidden_monk_grotto,
          minmay_misc_feat_hallway, solitary_fountain
D:2:      wad_pebble_path, layout_rooms, basic_altar, minmay_misc_feat_plants,
          kennysheep_generic_room_12, uniq_jessica, uniq_crazy_yiuf_cottage,
          uniq_sigmund

Skill      XL: |  1  2 |
---------------+-------+-----
Conjurations   | 5 |  5.1
Dodging        | |  2.5
Stealth        | |  2.5
Spellcasting   | |  3.3

Action                   || total
-------------------------++-------
Melee: Dagger            ||     1
 Cast: Magic Dart        ||    33
Armor: Robe              ||     1
Dodge: Dodged            ||     3
